 Dungeon Crawl Stone Soup version 0.31-a0-868-g674d60d6f7 (webtiles) character file.

Game seed: 2263304503334554746

91 tsouns the Slasher (level 4, -1/34 HPs)
             Began as a Gnoll Wanderer on Oct 2, 2023.
             Slain by a cerulean imp
             ... wielding a +2 spear
             ... summoned by Natasha
              (4 damage)
             ... on level 2 of the Dungeon on Oct 11, 2023.
             The game lasted 00:03:17 (1635 turns).

tsouns the Slasher (Gnoll Wanderer)                 Turns: 1635, Time: 00:03:19

Health: -1/34      AC:  3    Str:  9    XL:     4   Next: 57%
Magic:  5/5        EV: 13    Int: 15    God:
Gold:   57         SH:  0    Dex: 12    Spells: 5/5 levels left

rFire   . . .        a - +0 falchion
rCold   . . .        (no shield)
rNeg    . . .        e - +0 robe
rPois   .            (no helmet)
rElec   .            (no cloak)
rCorr   +            c - +0 pair of gloves
SInv    .            (no boots)
Will    .....        (no amulet)
Stlth   ++           l - ring of resist corrosion
HPRegen 0.25/turn    (no ring)
MPRegen 0.09/turn

%: no passive effects
@: no status effects
A: fangs 1, strong nose, distributed training
a: no special abilities


You were on level 2 of the Dungeon.
You visited 1 branch of the dungeon, and saw 3 of its levels.

You collected 57 gold pieces.

Inventory:

Hand Weapons
 a - a +0 falchion (weapon)
Armour
 c - a +0 pair of gloves (worn)
 e - a +0 robe (worn)
Jewellery
 l - a ring of resist corrosion (left hand)
Talismans
 m - a flux talisman
Wands
 b - a wand of paralysis (13) (quivered)
Scrolls
 g - a scroll of noise
Potions
 d - a potion of heal wounds
 i - 2 potions of attraction
 n - 2 potions of cancellation {unknown}


   Skills:
 + Level 2.8 Fighting
 + Level 1.2 Short Blades
 + Level 6.6 Long Blades
 + Level 1.2 Axes
 + Level 1.2 Maces & Flails
 + Level 1.2 Polearms
 + Level 1.2 Staves
 + Level 1.2 Ranged Weapons
 + Level 2.8 Throwing
 + Level 1.2 Armour
 + Level 4.6 Dodging
 + Level 2.6 Stealth
 + Level 1.2 Shields
 + Level 1.2 Unarmed Combat
 + Level 1.2 Spellcasting
 + Level 1.0 Conjurations
 + Level 1.0 Hexes
 + Level 1.0 Summonings
 + Level 1.0 Necromancy
 + Level 1.0 Translocations
 + Level 1.0 Transmutations
 + Level 1.0 Fire Magic
 + Level 1.0 Ice Magic
 + Level 1.0 Air Magic
 + Level 1.0 Earth Magic
 + Level 1.0 Poison Magic
 + Level 1.3 Invocations
 + Level 4.6 Evocations
 + Level 1.1 Shapeshifting


You had 5 spell levels left.
You didn't know any spells.
Your spell library was empty.

Dungeon Overview and Level Annotations

Branches:
Dungeon (3/15)

Altars:

Annotations:
D:2 Natasha


Innate Abilities, Weirdness & Mutations

You have very sharp teeth.
Your uncanny sense of smell can sniff out nearby items.
Your experience applies equally to all skills.


Message History

You are too injured to fight recklessly!
You are too injured to fight recklessly!
You are too injured to fight recklessly!
You are too injured to fight recklessly!
You are too injured to fight recklessly!
You are too injured to fight recklessly!
You are too injured to fight recklessly!
You are too injured to fight recklessly!
You are too injured to fight recklessly!
You are too injured to fight recklessly!
You are too injured to fight recklessly!
You hit Natasha but do no damage.
Natasha is heavily wounded.
The cerulean imp hits you with a +2 spear.
Natasha mumbles some strange words.
You hit Natasha. Your bite misses Natasha.
Natasha is severely wounded.
The cerulean imp misses you.
Natasha stares at you and mumbles some strange words.
The magic dart hits you.
You barely miss Natasha.
Natasha is severely wounded.
The cerulean imp misses you. Natasha claws you.
The cerulean imp hits you from afar with a +2 spear.
You closely miss Natasha.
Natasha is severely wounded.
The cerulean imp barely misses you. Natasha barely misses you.
The cerulean imp barely misses you.
You miss Natasha.
Natasha is severely wounded.
The cerulean imp misses you. Natasha closely misses you.
The cerulean imp closely misses you.
You closely miss Natasha. Your bite misses Natasha.
Natasha is severely wounded.
The cerulean imp hits you with a +2 spear.
* * * LOW HITPOINT WARNING * * *
Natasha zaps a wand.
The puff of flame hits you.
* * * LOW HITPOINT WARNING * * *
The cerulean imp hits you from afar with a +2 spear.
You die...

..#.#...#######
.<#.#.........#
#.#......####.#
..............#
..............######
...................#
#.#....##....#####.#
#.............5h5#.#
......###....###@#)####
.....................>#
#####.#######.##...##.#
#.#######.##.####.#
#.........##....#.#
#############.###.#
###.#)..# #.......#
#...#.###


You could see Natasha and 2 cerulean imps.

Vanquished Creatures
  Jessica (D:2)
  Natasha (D:2)
  A dart slug (D:1)
  2 ball pythons (D:1)
  3 endoplasms
  2 giant cockroaches (D:2)
  8 goblins
  3 hobgoblins (D:1)
  2 kobolds (D:1)
  2 quokkas (D:2)
  4 bats
  A frilled lizard (D:2)
  5 rats (D:1)
35 creatures vanquished.

Notes
Turn   | Place    | Note
-------+----------+-------------------------------------------
     0 | D:1      | tsouns the Gnoll Wanderer began the quest for the Orb.
     0 | D:1      | tsouns set off with the following items: a +0 falchion, a
                  | wand of paralysis (13), a +0 pair of gloves, a potion of
                  | heal wounds, a +0 robe.
     0 | D:1      | Reached XP level 1. HP: 17/17 MP: 1/1
   106 | D:1      | Reached XP level 2. HP: 23/23 MP: 2/2
   319 | D:1      | Upgraded the game from 0.31-a0-845-g9abc20d24f to
                  | 0.31-a0-868-g674d60d6f7
   631 | D:1      | Reached XP level 3. HP: 28/28 MP: 3/3
  1120 | D:2      | Reached skill level 1 in Invocations
  1160 | D:2      | Noticed Jessica
  1176 | D:2      | Killed Jessica
  1177 | D:2      | Reached skill level 1 in Short Blades
  1177 | D:2      | Reached skill level 1 in Axes
  1177 | D:2      | Reached skill level 1 in Maces & Flails
  1177 | D:2      | Reached skill level 1 in Polearms
  1177 | D:2      | Reached skill level 1 in Staves
  1177 | D:2      | Reached skill level 1 in Ranged Weapons
  1177 | D:2      | Reached skill level 1 in Armour
  1177 | D:2      | Reached skill level 1 in Shields
  1177 | D:2      | Reached skill level 1 in Unarmed Combat
  1177 | D:2      | Reached skill level 1 in Spellcasting
  1177 | D:2      | Reached skill level 1 in Shapeshifting
  1177 | D:2      | Reached XP level 4. HP: 33/34 MP: 5/5
  1236 | D:2      | Noticed Natasha
  1241 | D:2      | Killed Natasha
  1242 | D:2      | Reached skill level 1 in Conjurations
  1242 | D:2      | Reached skill level 1 in Hexes
  1242 | D:2      | Reached skill level 1 in Summonings
  1242 | D:2      | Reached skill level 1 in Necromancy
  1242 | D:2      | Reached skill level 1 in Translocations
  1242 | D:2      | Reached skill level 1 in Transmutations
  1242 | D:2      | Reached skill level 1 in Fire Magic
  1242 | D:2      | Reached skill level 1 in Ice Magic
  1242 | D:2      | Reached skill level 1 in Air Magic
  1242 | D:2      | Reached skill level 1 in Earth Magic
  1242 | D:2      | Reached skill level 1 in Poison Magic
  1622 | D:2      | Noticed Natasha
  1635 | D:2      | Slain by a cerulean imp

Illustrated notes

Levels and vault maps discovered:
D:1:      dpeg_arrival_connections, layout_basic
D:2:      layout_basic, uniq_jessica, uniq_natasha
D:3:      layout_rooms, nicolae_overflow_hidden_temple,
          mainiacjoe_overflow_concentric_impassable, serial_shops, shop,
          ebering_ghost_reflecting_pool

Skill      XL: |  1  2  3  4 |
---------------+-------------+-----
Invocations    | 1 |  1.3
Short Blades   | 1 |  1.2
Axes           | 1 |  1.2
Maces & Flails | 1 |  1.2
Polearms       | 1 |  1.2
Staves         | 1 |  1.2
Ranged Weapons | 1 |  1.2
Armour         | 1 |  1.2
Shields        | 1 |  1.2
Unarmed Combat | 1 |  1.2
Spellcasting   | 1 |  1.2
Shapeshifting  | 1 |  1.1
Conjurations   | 1 |  1.0
Hexes          | 1 |  1.0
Summonings     | 1 |  1.0
Necromancy     | 1 |  1.0
Translocations | 1 |  1.0
Transmutations | 1 |  1.0
Fire Magic     | 1 |  1.0
Ice Magic      | 1 |  1.0
Air Magic      | 1 |  1.0
Earth Magic    | 1 |  1.0
Poison Magic   | 1 |  1.0
Fighting       | |  2.8
Long Blades    | |  6.6
Throwing       | |  2.8
Dodging        | |  4.6
Stealth        | |  2.6
Evocations     | |  4.6

Action                     |  1- 3 |  4- 6 || total
---------------------------+-------+-------++-------
  Melee: Falchion          |    67 |    23 ||    90
         Bite              |     4 |       ||     4
         Punch             |     1 |       ||     1
    Use: Scroll            |       |     8 ||     8
   Stab: Sleeping          |     4 |     1 ||     5
         Distracted        |     1 |       ||     1
 Armour: Robe              |    22 |    17 ||    39
  Dodge: Dodged            |    34 |    19 ||    53

Table legend: (Time is in decaauts)
 A = Elapsed time spent in this place.
 B = Non-inter-level travel time spent in this place.
 C = Inter-level travel time spent in this place.
 D = Time resting spent in this place.
 E = Time spent auto-exploring this place.
 F = Levels seen in this place.
 G = Mean time per level.
                   A        B        C        D        E       F      G
               +--------+--------+--------+--------+--------+-----+--------+
         Total |   1632 |   1564 |     68 |     10 |   1274 |   3 |  544.0 |
       Dungeon |   1632 |   1564 |     68 |     10 |   1274 |   3 |  544.0 |
               +--------+--------+--------+--------+--------+-----+--------+

Top non-repeatable levels by time:
     D:1: 885 daAuts
     D:2: 740 daAuts
     D:3: 6 daAuts
